 Dungeon Crawl Stone Soup version 0.28.0 (webtiles) character file.

Game seed: 9364996331472486481

32701 jfcaron the Summoner (level 13, -10/113 HPs)
             Began as a Demigod Summoner on Feb 14, 2022.
             Mangled by a reaper (38 damage)
             ... in an ice cave on Feb 16, 2022.
             The game lasted 00:59:06 (16112 turns).

jfcaron the Summoner (Demigod Summoner)            Turns: 16112, Time: 00:59:07

Health: -10/113    AC: 12    Str: 22    XL:     13   Next: 4%
Magic:  9/22       EV: 14    Int: 29    God:
Gold:   396        SH:  0    Dex: 14    Spells: 7/20 levels left

rFire   . . .      SeeInvis .   b - +11 double sword of Intimidation {protect, rF- rN++ rCorr Str+3}
rCold   + + .      Faith    .   (no shield)
rNeg    + + .      Spirit   .   M - +2 ring mail {rPois}
rPois   +          Reflect  .   (no helmet)
rElec   .          Harm     .   C - scarf {rC+ rF+}
rCorr   +          Rampage  .   L - +1 pair of gloves
Will    +....                   q - +0 pair of boots
Stlth   +.........              u - amulet "Vemokomu" {+Inv Regen+}
HPRegen 1.08/turn               x - +6 ring of strength
MPRegen 0.18/turn               t - ring of protection from cold

@: no status effects
A: high MP 1, forlorn, divine attributes
a: Evoke Invisibility


You were in an ice cave.
You visited 2 branches of the dungeon, and saw 15 of its levels.
You also visited: Sewer, Ice Cave and Volcano.

You collected 1080 gold pieces.
You spent 684 gold pieces at shops.

Inventory:

Hand Weapons
 a - a +5 vorpal spear
 b - the +11 double sword of Intimidation (weapon) {protect, rF- rN++ rCorr Str+3}
   (You found it on level 4 of the Dungeon)

   It grants its wielder temporary protection when it strikes (+7 to AC).
   Str:       It affects your strength (+3).
   rF:        It makes you vulnerable to fire.
   rN:        It greatly protects you from negative energy.
   rCorr:     It protects you from acid and corrosion.
Missiles
 c - 13 poisoned darts
 d - 708 stones (quivered)
 i - 2 javelins
 j - 4 boomerangs
 s - 4 atropa-tipped darts
 v - a throwing net {!f}
 N - 3 curare-tipped darts {!f}
Armour
 f - the +0 cloak of a Gauntlet {rElec Str+3}
   (You acquired it on level 3 of the Dungeon)

   Str:       It affects your strength (+3).
   rElec:     It insulates you from electricity.
 g - the +5 ring mail "Suroy" {rC+ Slay+2}
   (You found it on level 3 of the Lair of Beasts)

   Slay:      It affects your accuracy & damage with ranged weapons and melee
   (+2).
   rC:        It protects you from cold.
 q - a +0 pair of boots (worn)
 C - a scarf of resistance (worn)
 L - a +1 pair of gloves (worn)
 M - a +2 ring mail of poison resistance (worn)
Jewellery
 t - a ring of protection from cold (right hand)
 u - the amulet "Vemokomu" (around neck) {+Inv Regen+}
   (You found it on level 4 of the Dungeon)

   [amulet of regeneration]

   +Inv:      It lets you turn invisible.
   Regen:     It increases your rate of health regeneration.
 x - a +6 ring of strength (left hand)
 A - a ring of flight
 H - a +6 ring of strength
Wands
 y - a wand of flame (24)
 D - a wand of acid (2)
 Q - a wand of iceblast (3)
Scrolls
 o - a scroll of summoning {unknown}
 w - 2 scrolls of immolation
 B - 6 scrolls of teleportation
 G - a scroll of amnesia
 I - 3 scrolls of fog
 O - 2 scrolls of blinking
 P - a scroll of silence
 S - 3 scrolls of enchant weapon
 T - a scroll of holy word
 U - 4 scrolls of brand weapon
 V - 2 scrolls of magic mapping
 Y - a scroll of enchant armour {unknown}
 Z - 3 scrolls of fear {unknown}
Potions
 e - 4 potions of mutation
 h - a potion of cancellation {unknown}
 k - a potion of resistance {unknown}
 l - 7 potions of heal wounds
 m - 2 potions of flight
 n - 3 potions of might
 p - 6 potions of curing
 r - 6 potions of haste
 z - a potion of brilliance {unknown}
 J - a potion of attraction
 K - 2 potions of invisibility
 W - a potion of berserk rage
 X - 2 potions of magic


   Skills:
 + Level 10.0 Fighting
 - Level 10.0 Long Blades
 - Level 8.3 Armour
 - Level 7.0 Dodging
 - Level 1.7 Stealth
 - Level 4.0 Spellcasting
 - Level 10.0 Summonings
 - Level 4.0 Air Magic
 - Level 5.0 Evocations


You had 7 spell levels left.
You knew the following spells:

 Your Spells              Type           Power      Damage    Failure   Level
a - Summon Small Mammal   Summ           100%       N/A       1%          1
b - Call Imp              Summ           59%        N/A       1%          2
c - Call Canine Familiar  Summ           59%        N/A       1%          3
d - Summon Guardian Gole  Hex/Summ       34%        N/A       3%          3
e - Summon Lightning Spi  Summ/Air       46%        N/A       5%          4

Your spell library contained the following spells:

 Spells                   Type           Power      Damage    Failure   Level
 Corpse Rot               Necr/Air       34%        N/A       7%          2
 Animate Skeleton         Necr           10%        N/A       10%         1
 Freeze                   Ice            20%        1d4       10%         1
 Magic Dart               Conj           20%        1d4       10%         1
 Pain                     Necr           20%        1d5       10%         1
 Slow                     Hex            20%        N/A       10%         1
 Searing Ray              Conj           10%        2d4       16%         2
 Confusing Touch          Hex            5%         N/A       30%         3
 Conjure Flame            Conj/Fire      5%         6-21      30%         3
 Dazzling Flash           Conj/Hex       10%        N/A       30%         3
 Frozen Ramparts          Ice            10%        1d3       30%         3
 Ignite Poison            Fire/Tmut/Pois 5%         N/A       30%         3
 Tukima's Dance           Hex            5%         N/A       30%         3
 Vampiric Draining        Necr           5%         2d6       30%         3
 Dispel Undead            Necr           5%         3d7       69%         4
 Fulminant Prism          Conj/Hex       2%         3d6       69%         4
 Hailstorm                Conj/Ice       5%         3d4       69%         4
 Passage of Golubria      Tloc           5%         N/A       69%         4
 Sticky Flame             Conj/Fire      5%         2d3       69%         4
 Silence                  Hex/Air        8%         N/A       77%         5
 Agony                    Necr           5%         N/A       95%         5
 Yara's Violent Unravell  Hex/Tmut       2%         3d3       95%         5
 Death Channel            Necr           2%         N/A       100%        6
 Orb of Destruction       Conj           2%         9d5       100%        7
 Spellforged Servitor     Conj/Summ      17%        N/A       100%        7
 Lehudib's Crystal Spear  Conj/Erth      2%         10d2      100%        8


Dungeon Overview and Level Annotations

Branches:
Dungeon (11/15)            Temple (0/1) D:5            Lair (4/6) D:11
 Shoals (0/4) Lair:4       Spider (0/4) Lair:2          Orc (0/2) D:11
  Sewer (visited)           IceCv (1/1)             Volcano (visited)

Shops:
D:8 !

Annotations:
D:4 come back with flying?


Innate Abilities, Weirdness & Mutations

You have an increased reservoir of magic. (+10% MP)
You shall have no god before yourself.
Your divine heritage dramatically boosts your attributes as you level up.


Message History

The bolt of electricity hits the reaper!
The reaper closely misses you.
Aiming: Corrosive Bolt
Press: ? - help, Shift-Dir - straight line, f - reaper
Aim: a reaper, wielding a +3 scythe of freezing (moderately wounded, ally target, 74% to hit)
Okay, then.
Your wolf barely misses the reaper.
Casting: Call Canine Familiar (safe; 1% risk of failure)
Confirm with . or Enter, or press ? or * to list all spells.
You miscast Summon Lightning Spire.
You are very lightly contaminated with residual magic.
Nothing appears to happen.
Unknown command.
Your wolf bites the reaper.
There is an open door here.
Your wolf bites the reaper but does no damage.
Your wolf bites the reaper.
The reaper shouts, "Death awaits you!"
Your wolf bites the reaper.
Your magical contamination has completely faded away.
Your wolf barely misses the reaper.
Your wolf bites the reaper but does no damage.
Your wolf bites the reaper but does no damage.
Casting: Summon Lightning Spire (dangerous; 5% risk of failure)
Confirm with . or Enter, or press ? or * to list all spells.
An electric hum fills the air.
The reaper hits you from afar with a +3 scythe of freezing!
* * * LOW HITPOINT WARNING * * *
The reaper freezes you.
* * * LOW HITPOINT WARNING * * *
Your wolf bites the reaper but does no damage.
Your wolf closely misses the reaper.
Your lightning spire shoots out a bolt of lightning at the reaper!
The bolt of electricity hits the reaper.
Aiming: Corrosive Bolt
Press: ? - help, Shift-Dir - straight line The bolt of acid hits the reaper!
The acid corrodes the reaper!
The reaper is moderately wounded.
The reaper hits you from afar with a +3 scythe of freezing!!!
You die...

#.#.'.......'.#.#
#.###.8...8.###.#
#.'...........'.#
#.###.8...8.###.#
#.#.'.......'.#.#
#[###.8.h.8.###.#
#.#.'..82...'.#.#
#'###'#...#'###'#
#...#.#.@.#.#...#
###.###...###.###
#...#...#...#
###'#...#'###
#⌠.##'##.⌠#
###..#...#..###
#.####...####.#
##.............##
#...............#


You could see a reaper (corroded, ally target), a friendly wolf (summoned) and a
friendly lightning spire (summoned).

Vanquished Creatures
  The ghost of growler the Stormcaller, a journeyman TeAE of Vehumet (Lair:3)
  Erolcha (D:9)
  2 hydras
  4 two-headed ogres
  4 death yaks (Lair:3)
  3 cyclopes
  2 salamanders (Volcano)
  2 ice statues (IceCv)
  A torpor snail (Lair:2)
  7 cane toads
  2 kobold demonologists (D:11)
  An unseen horror (D:11)
  3 rime drakes
  5 anaconda simulacra (IceCv)
  4 komodo dragons
  2 entropy weaver simulacra (IceCv)
  5 ice devils (IceCv)
  2 trolls
  6 dream sheep (Lair:3)
  Grinder (D:6)
  3 blink frogs (Lair:2)
  A dire elephant simulacrum (IceCv)
  A jumping spider (Lair:2)
  A water elemental (D:11)
  34 yaks
  A fire bat (Volcano)
  3 wyverns
  A basilisk (Lair:3)
  3 steam dragons
  2 harpy simulacra (IceCv)
  2 acid dragons (D:11)
  7 water moccasins
  A black bear (D:7)
  2 hell hounds (Volcano)
  3 orc warriors
  3 ogres
  An ice beast (D:5)
  6 wolves
  8 centaurs
  Blork the orc (D:4)
  3 kobold brigands
  7 bullfrogs
  A gnoll sergeant (D:7)
  3 scorpions
  2 water moccasin skeletons
  6 killer bees
  14 wights
  2 elephant simulacra
  3 electric eels (D:11)
  A howler monkey (D:10)
  4 centaur zombies
  A gnoll shaman (D:7)
  5 hounds
  7 orc priests
  A jelly (D:7)
  Ijyb (D:4)
  2 iguanas
  7 orc wizards
  2 polar bear simulacra
  A wolf simulacrum (Lair:4)
  2 howler monkey zombies
  15 gnolls
  2 river rats (D:3)
  13 adders
  A white imp (D:6)
  A nameless horror (IceCv)
  4 ufetubi
  A dart slug (D:1)
  40 orcs
  10 ball pythons
  7 bats
  15 endoplasms
  8 giant cockroaches
  29 goblins
  35 hobgoblins
  3 jackals (D:3)
  16 kobolds
  8 quokkas
  7 frilled lizards (Sewer)
  5 rats (D:3)
  A butterfly (D:7)
  3 fungi
  23 plants
464 creatures vanquished.

Notes
Turn   | Place    | Note
-------+----------+-------------------------------------------
     0 | D:1      | jfcaron the Demigod Summoner began the quest for the Orb.
     0 | D:1      | Reached XP level 1. HP: 14/14 MP: 5/5
    76 | D:1      | You fall into a shaft and drop 1 floor!
   101 | D:2      | HP: 2/14 [hobgoblin (3)]
   275 | D:2      | Reached XP level 2. HP: 13/20 MP: 3/7
   278 | D:2      | Learned a level 2 spell: Call Imp
  1903 | D:2      | Reached XP level 3. HP: 23/26 MP: 4/9
  2284 | D:2      | Learned a level 3 spell: Call Canine Familiar
  2405 | D:3      | Identified a scroll of acquirement
  2405 | D:3      | Acquired the +0 cloak of a Gauntlet {rElec Str+3}
  2605 | D:3      | Found a glowing drain.
  2614 | D:3      | Reached XP level 4. HP: 19/33 MP: 6/11
  2703 | Sewer    | Entered a sewer
  2861 | Sewer    | Reached skill level 5 in Summonings
  2986 | Sewer    | Noticed a bullfrog
  2986 | Sewer    | Noticed a bullfrog
  2997 | Sewer    | Killed a bullfrog
  2998 | Sewer    | Reached XP level 5. HP: 36/38 MP: 10/13
  3096 | Sewer    | Learned a level 4 spell: Summon Lightning Spire
  3647 | D:3      | Reached XP level 6. HP: 45/45 MP: 14/14
  4115 | D:4      | Noticed Blork the orc
  4119 | D:4      | Killed Blork the orc
  4120 | D:4      | Reached skill level 1 in Air Magic
  4326 | D:4      | Identified the amulet "Vemokomu" {+Inv Regen+}
  4403 | D:4      | Noticed Ijyb
  4405 | D:4      | Killed Ijyb
  4406 | D:4      | Reached skill level 1 in Armour
  4510 | D:4      | Identified the +11 double sword of Intimidation {protect,
                  | rF- rN++ rCorr Str+3}
  4977 | D:4      | Reached XP level 7. HP: 51/51 MP: 16/16
  4995 | D:4      | Reached skill level 1 in Evocations
  5161 | D:4      | Learned a level 3 spell: Summon Guardian Golem
  5259 | D:5      | Entered Level 5 of the Dungeon
  5259 | D:5      | Found a staircase to the Ecumenical Temple.
  5293 | D:5      | Reached skill level 1 in Fighting
  5408 | D:5      | Reached skill level 1 in Long Blades
  5954 | D:6      | Identified the +2 robe "Zocul" {*Corrode Regen+ Slay+2}
  6048 | D:6      | Noticed Grinder
  6049 | D:6      | Paralysed by Grinder for 5 turns
  6055 | D:6      | Killed Grinder
  6056 | D:6      | Reached XP level 8. HP: 61/61 MP: 13/17
  7369 | D:7      | Noticed a cyclops
  7376 | D:7      | Killed a cyclops
  7377 | D:7      | Reached XP level 9. HP: 46/70 MP: 13/18
  8059 | D:8      | Found Qovupha's Distillery.
  8066 | D:8      | Bought a potion of heal wounds for 60 gold pieces
  8066 | D:8      | Bought a potion of heal wounds for 60 gold pieces
  8066 | D:8      | Bought a potion of haste for 120 gold pieces
  8066 | D:8      | Bought a potion of attraction for 36 gold pieces
  8066 | D:8      | Bought a potion of flight for 36 gold pieces
  8066 | D:8      | Bought a potion of invisibility for 96 gold pieces
  8439 | D:9      | Noticed Erolcha
  8445 | D:9      | HP: 10/71 [something (13)]
  8447 | D:9      | Killed Erolcha
  8977 | D:9      | Reached XP level 10. HP: 80/80 MP: 14/19
  9221 | D:9      | Reached skill level 5 in Armour
  9496 | D:10     | Entered Level 10 of the Dungeon
  9829 | D:10     | Reached skill level 5 in Evocations
  9834 | D:10     | Reached skill level 5 in Fighting
  9834 | D:10     | Reached skill level 5 in Long Blades
  9835 | D:10     | Reached skill level 10 in Summonings
 10130 | D:10     | Noticed a two-headed ogre
 10139 | D:10     | Killed a two-headed ogre
 10782 | D:11     | Found a staircase to the Lair.
 10810 | D:11     | Noticed a cyclops
 10825 | D:11     | Reached XP level 11. HP: 53/89 MP: 20/20
 11204 | D:11     | Found a staircase to the Orcish Mines.
 11361 | D:11     | Noticed a two-headed ogre
 11374 | D:11     | Killed a two-headed ogre
 11719 | D:8      | Bought a potion of haste for 120 gold pieces
 11719 | D:8      | Bought a potion of haste for 120 gold pieces
 11719 | D:8      | Bought a potion of curing for 36 gold pieces
 11796 | Lair:1   | Entered Level 1 of the Lair of Beasts
 11826 | Lair:1   | Noticed a five-headed hydra
 11836 | Lair:1   | Killed a five-headed hydra
 12738 | Lair:2   | Reached skill level 5 in Dodging
 12918 | Lair:2   | Got Sif Muna's Handbook of the Damaging Glacier
 13349 | Lair:2   | Found a hole to the Spider Nest.
 13564 | Lair:2   | Noticed a seven-headed hydra
 13583 | Lair:2   | HP: 18/92 [yak[a torpor snail] (11)]
 13584 | Lair:2   | Killed a seven-headed hydra
 13585 | Lair:2   | Reached XP level 12. HP: 21/100 MP: 6/21
 14186 | Lair:3   | Found a runed translucent gate.
 14187 | Lair:3   | Found a runed translucent gate.
 14188 | Lair:3   | Found a runed translucent gate.
 14190 | Lair:3   | Noticed growler's ghost (journeyman TeAE)
 14201 | Lair:3   | Identified the +5 ring mail "Suroy" {rC+ Slay+2}
 15159 | Lair:3   | Killed growler's ghost
 15300 | Lair:4   | Found a dark tunnel.
 15311 | Volcano  | Entered a volcano
 15353 | Volcano  | HP: 16/104 [two-headed ogre (8)]
 15353 | Volcano  | HP: 7/104 [two-headed ogre (9)]
 15405 | Volcano  | HP: 15/104 [salamander (16)]
 15405 | Volcano  | HP: 3/104 [salamander (12)]
 15582 | Lair:4   | Found a frozen archway.
 15595 | Lair:4   | Found a staircase to the Shoals.
 15597 | IceCv    | Entered an ice cave
 15964 | IceCv    | Reached XP level 13. HP: 113/113 MP: 15/22
 15992 | IceCv    | Reached skill level 10 in Fighting
 16030 | IceCv    | Reached skill level 10 in Long Blades
 16085 | IceCv    | Noticed a reaper
 16089 | IceCv    | HP: 22/113 [reaper (42)]
 16112 | IceCv    | Mangled by a reaper

Illustrated notes

Levels and vault maps discovered:
D:1:      dpeg_arrival_solitude, layout_basic,
          hellmonk_ecumenical_altar_inner_sanctum
D:2:      layout_rooms
D:3:      layout_basic, portal_sewer_entry_b, grunt_ministairs_7
D:4:      minmay_goblin_kobold_castle, layout_gridville, uniq_blork_the_orc,
          uniq_ijyb
D:5:      layout_rooms, nicolae_ru_awakened_eye, minmay_temple_entry_crystal_x
D:6:      layout_cave_pods, mainiacjoe_overflow_alcove_2, kennysheep_mini_moat,
          fedhas_altar_4, serial_bayou, serial_bayou_pond_d,
          serial_bayou_shore_a, serial_bayou_pond_d, serial_bayou_pond_e,
          hangedman_decor_diamond_cutter, uniq_grinder
D:7:      layout_layer_cave, tso_metal_star, nicolae_elyvilon_peaceful_grove,
          nicolae_grassy_gnolls
D:8:      layout_rooms, lemuel_round_altar, kennysheep_little_box, serial_shops,
          shop_fountains
D:9:      layout_roguey, trog_antimagical, mainiacjoe_overflow_large_starburst,
          uniq_erolcha
D:10:     layout_loops_corners, mainiacjoe_overflow_alcove_1
D:11:     layout_gridville, erik_lair_island, minmay_orc_entry_temple_small,
          minmay_misc_feat_x, vehumet_altar_wand_db
Lair:1:   layout_cave_pods, grunt_megastairs_5, infiniplex_staircase_pool
Lair:2:   layout_cave_pods, spider_nest_entry_a, infiniplex_staircase_pool_2
Lair:3:   layout_small_grid, gammafunk_ghost_split
Lair:4:   layout_concentric_octagons, minmay_shoals_entry_beasts,
          nicolae_volcano_entry_two_sided, portal_ice_cave_entry_ice_simulacra,
          grunt_forest_large_clearings, grunt_megastairs_1
IceCv:    ice_cave_tombish

Skill      XL: |  1  2  3  4  5  6  7  8  9 10 11 12 13 |
---------------+----------------------------------------+-----
Spellcasting   | 2 3 4 |  4.0
Summonings     | 4 5 6 7 8 9 10 | 10.0
Air Magic      | 1 2 3 4 |  4.0
Armour         | 1 2 3 4 6 7 8 |  8.3
Evocations     | 2 3 4 5 |  5.0
Fighting       | 2 3 4 5 7 9 10 | 10.0
Long Blades    | 1 3 4 5 7 9 10 | 10.0
Dodging        | 3 5 7 |  7.0
Stealth        | |  1.7

Action                   |  1- 3 |  4- 6 |  7- 9 | 10-12 | 13-15 || total
-------------------------+-------+-------+-------+-------+-------++-------
Melee: Mace              |    30 |       |       |       |       ||    30
       Spear             |    71 |   151 |    82 |    29 |       ||   333
       Punch             |     2 |     1 |     4 |     9 |       ||    16
       Double sword      |       |    26 |   146 |   265 |     9 ||   446
       Whip              |       |    10 |       |     6 |       ||    16
Throw: Stone             |     2 |       |       |    37 |       ||    39
       Dart              |       |     7 |       |     1 |       ||     8
       Javelin           |       |       |       |     5 |       ||     5
 Cast: Summon Small Mamm |    23 |    11 |     3 |    13 |       ||    50
       Call Imp          |     9 |    11 |    18 |    14 |       ||    52
       Call Canine Famil |     1 |    13 |    24 |    38 |     3 ||    79
       Summon Lightning  |       |       |     3 |    48 |     2 ||    53
       Summon Guardian G |       |       |       |     9 |       ||     9
Evoke: Wand              |       |     5 |     2 |    18 |     1 ||    26
  Use: Scroll            |     1 |       |    11 |    10 |       ||    22
       Potion            |       |       |     1 |     5 |       ||     6
 Stab: Sleeping          |     4 |       |     1 |       |       ||     5
       Distracted        |     1 |     1 |     2 |     7 |       ||    11
Armor: Robe              |    19 |       |       |       |       ||    19
       Leather armour    |     7 |    19 |       |       |       ||    26
       Ring mail         |       |    40 |   137 |   165 |    10 ||   352
Dodge: Dodged            |    60 |   120 |   197 |   248 |     7 ||   632
